 Dungeon Crawl Stone Soup version 0.25-a0-869-g05d4e06a41 (webtiles) character file.

Game seed: 2237661944862650537, levelgen mode: deterministic

1976 gruber the Insei (level 9, -9/66 HPs)
             Began as a Gnoll Transmuter on Apr 30, 2020.
             Was a Believer of Okawaru.
             Mangled by an orc warrior
             ... wielding a +0 battleaxe
              (19 damage)
             ... in a bailey.
             The game lasted 00:09:29 (4726 turns).

gruber the Insei (Gnoll Transmuter)                 Turns: 4726, Time: 00:09:30

Health: -9/66      AC:  2    Str: 12    XL:     9   Next: 20%
Magic:  7/18       EV: 26    Int: 18    God:    Okawaru [**....]
Gold:   314        SH:  0    Dex: 22    Spells: 8/20 levels left

rFire    . . .     SeeInvis .     - Unarmed
rCold    . . .     Gourm    .   (shield currently unavailable)
rNeg     . . .     Faith    .   (armour currently unavailable)
rPois    x         Spirit   .   (helmet currently unavailable)
rElec    .         Reflect  .   (cloak currently unavailable)
rCorr    .         Harm     .   (gloves currently unavailable)
MR       +....                  (boots currently unavailable)
Stlth    +++.......             o - amulet of rage
HPRegen  0.21/turn              g - +2 ring of slaying
MPRegen  0.16/turn              l - ring of protection from magic

@: spider-form, marked
A: tiny, distributed training, strong nose
a: End Transformation, Heroism, Renounce Religion, Evoke Berserk Rage


You were in a bailey.
You worshipped Okawaru.
Okawaru was pleased with you.
You were very hungry.
You were a venomous arachnid creature.
You visited 2 branches of the dungeon, and saw 8 of its levels.
You also visited: Bailey.

You collected 314 gold pieces.

Inventory:

Missiles
 a - 82 arrows
 k - 11 javelins (quivered)
 m - 30 poisoned darts
 y - a throwing net
Armour
 r - a +2 leather armour of cold resistance (melded)
 x - a +1 leather armour of poison resistance
 z - a +0 cloak (melded)
 D - a +0 buckler (melded)
 E - a +0 pair of boots (melded)
Jewellery
 g - a +2 ring of slaying (left front leg)
 l - a ring of protection from magic (right front leg)
 o - an amulet of rage (around neck)
 t - an uncursed ring of see invisible
Wands
 u - a wand of paralysis (11)
 w - a wand of polymorph (14)
 A - a wand of iceblast (11)
Scrolls
 b - a scroll of noise {unknown}
 h - 7 scrolls of identify
 i - a scroll of immolation {unknown}
 j - 2 scrolls of enchant armour {unknown}
 n - a scroll of remove curse
 p - 5 scrolls of teleportation
 s - 3 scrolls of fear {unknown}
 C - a scroll of fog {unknown}
Potions
 c - 2 potions of curing {unknown}
 e - 2 potions of might {unknown}
 f - 2 potions of heal wounds {unknown}
 q - a potion of flight {unknown}
 v - 2 potions of lignification {unknown}
 B - a potion of mutation {unknown}
Comestibles
 d - 16 rations


   Skills:
 + Level 4.7 Fighting
 + Level 3.9 Short Blades
 + Level 3.9 Long Blades
 + Level 3.9 Axes
 + Level 3.9 Maces & Flails
 + Level 3.9 Polearms
 + Level 3.9 Staves
 + Level 3.9 Slings
 + Level 3.9 Bows
 + Level 3.9 Crossbows
 + Level 3.9 Throwing
 + Level 3.9 Armour
 + Level 6.1 Dodging
 + Level 3.9 Stealth
 + Level 3.9 Shields
 + Level 7.7 Unarmed Combat
 + Level 6.4 Spellcasting
 + Level 3.2 Conjurations
 + Level 3.2 Hexes
 + Level 3.2 Charms
 + Level 3.2 Summonings
 + Level 3.2 Necromancy
 + Level 3.2 Translocations
 + Level 5.0 Transmutations
 + Level 3.2 Fire Magic
 + Level 3.2 Ice Magic
 + Level 3.2 Air Magic
 + Level 3.2 Earth Magic
 + Level 3.2 Poison Magic
 + Level 4.3 Invocations
 + Level 3.9 Evocations


You had 8 spell levels left.
You knew the following spells:

 Your Spells              Type           Power        Failure   Level  Hunger
a - Beastly Appendage     Tmut           ###...       6%          1    None
b - Sticks to Snakes      Tmut           ###.....     9%          2    None
c - Spider Form           Tmut/Pois      ###.......   17%         3    ##.....
d - Ice Form              Ice/Tmut       ###.....     41%         4    ####...
e - Blink                 Tloc           N/A          14%         2    None

Your spell library contained the following spells:

 Spells                   Type           Power        Failure   Level  Hunger
 Magic Dart               Conj           ###.         11%         1    None
 Call Imp                 Summ           ###.....     14%         2    None
 Slow                     Hex            ###.....     14%         2    None
 Conjure Flame            Conj/Fire      ###.....     22%         3    ##.....
 Mephitic Cloud           Conj/Pois/Air  ###.....     22%         3    ##.....
 Blade Hands              Tmut           ###.......   58%         5    #####..


Dungeon Overview and Level Annotations

Branches:
Dungeon (7/15)             Temple (1/1) D:4          Bailey (1/1)

Altars:
Ashenzari
Cheibriados
Dithmenos
Elyvilon
Fedhas
Gozag
Hepliaklqana
Kikubaaqudgha
Makhleb
Nemelex Xobeh
Okawaru
Qazlal
Ru
Sif Muna
Trog
Uskayaw
Vehumet
Wu Jian
Xom
Yredelemnul
Zin
The Shining One


Innate Abilities, Weirdness & Mutations

Your experience applies equally to all skills.
((You have very sharp teeth.))
Your uncanny sense of smell can sniff out nearby items.


Message History

You bite the orc warrior!
The orc warrior is heavily wounded.
The orc warrior hits you with a +0 broad axe!
* * * LOW HITPOINT WARNING * * *
The orc warrior closely misses you. The hobgoblin misses you.
You bite the orc warrior!
The orc warrior looks as sick as possible!
The orc warrior is almost dead.
You kill the orc warrior!
Okawaru accepts your kill. The goblin completely misses you.
A goblin comes into view. It is wielding a +0 war axe.
Unknown command.
You bite the orc warrior!
The orc warrior is moderately wounded.
The hobgoblin hits you with a +0 hand axe.
* * * LOW HITPOINT WARNING * * *
The orc warrior barely misses you. The goblin barely misses you.
The orc warrior hits you with a +0 battleaxe!!
You die...

###
##8##
##g∩.##
#8og.8#
##so.##
##g##
≈o≈K
≈g≈##
K≈g≈.
#≈g≈##


K≈g≈K .≈# You could see 2 orc warriors, a gnoll, an orc, 2 hobgoblins, 4 goblins
and 2 kobolds.

Vanquished Creatures
  Sigmund (D:5)
  Edmund (D:5)
  2 orc warriors (Bailey)
  2 sky beasts
  An ogre (D:5)
  2 bullfrogs
  A scorpion (D:3)
  3 howler monkeys (D:7)
  2 crimson imps
  A centaur zombie (D:5)
  A hound (D:4)
  2 orc priests
  A centaur skeleton (D:4)
  A jelly (D:5)
  Crazy Yiuf (D:4)
  A gnoll shaman (D:4)
  Ijyb (D:4)
  4 iguanas
  Natasha (thrice) (D:3)
  4 orc wizards
  3 worker ants
  A hound zombie (D:6)
  4 gnolls (D:4)
  7 adders
  2 oozes
  An adder zombie (D:6)
  3 worms
  9 dart slugs
  5 leopard geckos
  20 orcs
  A ball python (D:1)
  10 bats
  5 giant cockroaches
  5 goblins
  7 hobgoblins
  12 kobolds
  7 frilled lizards
  A leopard gecko zombie (D:5)
  11 rats
149 creatures vanquished.

Notes
Turn   | Place    | Note
-------+----------+-------------------------------------------
     0 | D:1      | gruber the Gnoll Transmuter began the quest for the Orb.
     0 | D:1      | Reached XP level 1. HP: 17/17 MP: 6/6
   316 | D:1      | Reached XP level 2. HP: 19/23 MP: 7/7
   320 | D:1      | Learned a level 2 spell: Sticks to Snakes
   686 | D:1      | Reached XP level 3. HP: 26/28 MP: 9/9
   691 | D:1      | Learned a level 3 spell: Spider Form
   713 | D:1      | Reached skill level 5 in Spellcasting
  1000 | D:2      | Reached skill level 1 in Invocations
  1113 | D:2      | Reached skill level 1 in Short Blades
  1113 | D:2      | Reached skill level 1 in Long Blades
  1113 | D:2      | Reached skill level 1 in Axes
  1113 | D:2      | Reached skill level 1 in Maces & Flails
  1113 | D:2      | Reached skill level 1 in Polearms
  1113 | D:2      | Reached skill level 1 in Staves
  1113 | D:2      | Reached skill level 1 in Slings
  1113 | D:2      | Reached skill level 1 in Bows
  1113 | D:2      | Reached skill level 1 in Crossbows
  1113 | D:2      | Reached skill level 1 in Throwing
  1113 | D:2      | Reached skill level 1 in Armour
  1113 | D:2      | Reached skill level 1 in Stealth
  1113 | D:2      | Reached skill level 1 in Shields
  1113 | D:2      | Reached skill level 1 in Evocations
  1120 | D:2      | Reached XP level 4. HP: 28/34 MP: 8/11
  1267 | D:2      | You fall into a shaft and drop 1 floor!
  1493 | D:3      | Reached skill level 1 in Conjurations
  1493 | D:3      | Reached skill level 1 in Hexes
  1493 | D:3      | Reached skill level 1 in Charms
  1493 | D:3      | Reached skill level 1 in Summonings
  1493 | D:3      | Reached skill level 1 in Necromancy
  1493 | D:3      | Reached skill level 1 in Translocations
  1493 | D:3      | Reached skill level 1 in Fire Magic
  1493 | D:3      | Reached skill level 1 in Ice Magic
  1493 | D:3      | Reached skill level 1 in Air Magic
  1493 | D:3      | Reached skill level 1 in Earth Magic
  1493 | D:3      | Reached skill level 1 in Poison Magic
  1544 | D:3      | Reached XP level 5. HP: 36/40 MP: 8/12
  1690 | D:3      | Learned a level 4 spell: Ice Form
  1950 | D:3      | Reached XP level 6. HP: 47/47 MP: 6/13
  1996 | D:3      | Found a blossoming altar of Fedhas.
  1997 | D:3      | Noticed Natasha
  2005 | D:3      | Killed Natasha
  2026 | D:3      | Noticed Natasha
  2031 | D:3      | Killed Natasha
  2094 | D:3      | Noticed Natasha
  2100 | D:3      | Killed Natasha
  2100 | D:3      | Reached skill level 5 in Dodging
  2445 | D:4      | Found a staircase to the Ecumenical Temple.
  2485 | Temple   | Entered the Ecumenical Temple
  2526 | Temple   | Became a worshipper of Warmaster Okawaru
  2579 | D:4      | Found a runed translucent door.
  2580 | D:4      | Noticed Crazy Yiuf
  2704 | D:4      | Noticed Ijyb
  2712 | D:4      | Killed Ijyb
  2712 | D:4      | Reached XP level 7. HP: 49/52 MP: 11/15
  2716 | D:4      | Reached skill level 7 in Unarmed Combat
  2908 | D:4      | Reached * piety under Okawaru
  3212 | D:4      | Killed Crazy Yiuf
  3314 | D:5      | Entered Level 5 of the Dungeon
  3338 | D:5      | Noticed Sigmund
  3349 | D:5      | Killed Sigmund
  3349 | D:5      | Reached XP level 8. HP: 54/60 MP: 12/16
  3359 | D:5      | Got a steaming scythe
  3360 | D:5      | Identified the +1 scythe "Cijok" {drain, Str-3 Dex+2
                  | Stlth+} (You found it on level 5 of the Dungeon)
  3387 | D:5      | Noticed Edmund
  3399 | D:5      | Killed Edmund
  3644 | D:5      | Reached ** piety under Okawaru
  4029 | D:6      | Noticed a manticore
  4637 | D:7      | Reached XP level 9. HP: 60/66 MP: 15/18
  4643 | D:7      | Reached skill level 5 in Transmutations
  4660 | D:7      | Learned a level 2 spell: Blink
  4666 | D:7      | Found a flagged portal.
  4687 | Bailey   | Entered a bailey
  4726 | Bailey   | Mangled by an orc warrior

Levels and vault maps discovered:
D:1:      giann_horns, layout_rooms, glass_columns_a
D:2:      layout_loops_ring
D:3:      layout_basic, fedhas_altar_fruit_tree, minmay_checkerbox, uniq_natasha
D:4:      layout_rooms, temple_doors_cd, first_ration, minmay_splitting_lines,
          kennysheep_generic_room_3, uniq_ijyb, uniq_crazy_yiuf_cottage
D:5:      layout_loops_ring, sigmund_edmund_badplayer
D:6:      layout_cave_pods
D:7:      lemuel_ratsnest, layout_basic, serial_shops, shop, enter_bailey_6
Temple:   nicolae_temple_the_god_donut
Bailey:   bailey_axe_1, bailey

Skill      XL: |  1  2  3  4  5  6  7  8  9 |
---------------+----------------------------+-----
Spellcasting   | 5 6 |  6.4
Invocations    | 1 2 3 4 |  4.3
Short Blades   | 1 2 3 |  3.9
Long Blades    | 1 2 3 |  3.9
Axes           | 1 2 3 |  3.9
Maces & Flails | 1 2 3 |  3.9
Polearms       | 1 2 3 |  3.9
Staves         | 1 2 3 |  3.9
Slings         | 1 2 3 |  3.9
Bows           | 1 2 3 |  3.9
Crossbows      | 1 2 3 |  3.9
Throwing       | 1 2 3 |  3.9
Armour         | 1 2 3 |  3.9
Stealth        | 1 2 3 |  3.9
Shields        | 1 2 3 |  3.9
Evocations     | 1 2 3 |  3.9
Conjurations   | 1 2 3 |  3.2
Hexes          | 1 2 3 |  3.2
Charms         | 1 2 3 |  3.2
Summonings     | 1 2 3 |  3.2
Necromancy     | 1 2 3 |  3.2
Translocations | 1 2 3 |  3.2
Fire Magic     | 1 2 3 |  3.2
Ice Magic      | 1 2 3 |  3.2
Air Magic      | 1 2 3 |  3.2
Earth Magic    | 1 2 3 |  3.2
Poison Magic   | 1 2 3 |  3.2
Fighting       | 3 4 |  4.7
Transmutations | 4 5 |  5.0
Dodging        | 5 6 |  6.1
Unarmed Combat | 7 |  7.7

Action                   |  1- 3 |  4- 6 |  7- 9 || total
-------------------------+-------+-------+-------++-------
Melee: Unarmed           |    60 |   132 |   195 ||   387
       Bite              |     8 |    10 |     6 ||    24
       Kick              |     3 |       |       ||     3
       Spear             |    36 |       |       ||    36
       Punch             |     1 |       |       ||     1
 Cast: Beastly Appendage |     5 |     2 |       ||     7
       Spider Form       |     2 |    10 |    24 ||    36
       Sticks to Snakes  |       |       |     4 ||     4
       Blink             |       |       |     1 ||     1
Invok: Heroism           |       |       |     1 ||     1
  Use: Scroll            |     2 |     1 |     1 ||     4
 Stab: Sleeping          |     2 |     4 |     4 ||    10
  Eat: Chunk             |       |     7 |     7 ||    14
Armor: Robe              |    12 |     2 |       ||    14
       Leather armour    |       |    10 |     5 ||    15
       Skin              |       |     2 |    10 ||    12
Dodge: Dodged            |    54 |   107 |   146 ||   307

Table legend:
 A = Non-vault XP
 B = Vault XP
 C = Vault XP percentage of total XP
 D = Non-vault monster count
 E = Vault monster count
 F = Vault count percentage of total count
                 A         B        C        D         E       F
            +---------+---------+-------+---------+---------+-------
      Total |    2032 |     792 |  28.0 |     137 |      12 |   8.1
            +---------+---------+-------+---------+---------+-------
        D:1 |      44 |       0 |   0.0 |      21 |       0 |   0.0
        D:2 |      68 |       0 |   0.0 |      27 |       0 |   0.0
        D:3 |     304 |      65 |  17.6 |      35 |       5 |  12.5
        D:4 |     439 |      77 |  14.9 |      17 |       2 |  10.5
        D:5 |     620 |     381 |  38.1 |      24 |       2 |   7.7
        D:6 |     243 |       0 |   0.0 |       6 |       0 |   0.0
        D:7 |     314 |       0 |   0.0 |       7 |       0 |   0.0
     Bailey |       0 |     269 | 100.0 |       0 |       3 | 100.0
            +---------+---------+-------+---------+---------+-------
